 Dungeon Crawl Stone Soup version 0.17-a0-1674-g2b13139 (webtiles) character file.

89557 nubinia the Swashbuckler (level 15, -12/85 HPs)
             Began as a High Elf Air Elementalist on Aug 17, 2015.
             Was the Champion of Sif Muna.
             Blown up by esc's ghost (66 damage)
             ... with an orb of destruction
             ... on level 4 of the Orcish Mines on Aug 18, 2015.
             The game lasted 04:46:43 (41869 turns).

nubinia the Swashbuckler (HEAE)                    Turns: 41869, Time: 04:46:44

Health: -12/85     AC: 17    Str:  7    XL:     15   Next: 49%
Magic:  18/34      EV: 11    Int: 24    God:    Sif Muna [******]
Gold:   2820       SH:  0    Dex: 23    Spells: 10 memorised, 13 levels left

rFire  . . .     SeeInvis +     a - +1 dagger (protect)
rCold  . . .     Clarity  .     L - +2 leather armour {rN+}
rNeg   + . .     SustAt   .     (no shield)
rPois  .         Gourm    .     U - +0 helmet
rElec  .         Spirit   .     K - +1 cloak
rCorr  .         Warding  .     g - +0 pair of gloves
rMut   .         Stasis   .     x - +1 pair of boots
MR     +....                    (no amulet)
Stlth  ++++......               i - +4 ring of dexterity
                                s - ring of see invisible

@: repel missiles, somewhat resistant to hostile enchantments, stealthy
A: no striking features
a: Channel Energy, Forget Spell, Renounce Religion


You were on level 4 of the Orcish Mines.
You worshipped Sif Muna.
Sif Muna was exalted by your worship.
You were not hungry.

You visited 3 branches of the dungeon, and saw 24 of its levels.
You also visited: Ice Cave and Volcano.

You collected 3099 gold pieces.
You spent 279 gold pieces at shops.

Inventory:

Hand weapons
 a - a +1 dagger of protection (weapon)
 b - a +4 longbow of freezing
 d - the +7 scimitar of Viomive {freeze, rC+ Str+3 Int+5}
   (You bought it in a shop on level 7 of the Dungeon)

   It has been specially enchanted to freeze those struck by it, causing extra
   injury to most foes and up to half again as much damage against particularly
   susceptible opponents.
   It can also slow down cold-blooded creatures.
   It affects your strength (+3).
   It affects your intelligence (+5).
   It protects you from cold.
 C - a +1 shortbow of venom
Missiles
 M - 192 arrows
Armour
 g - a +0 pair of gloves (worn)
 x - a +1 pair of boots (worn)
 G - a +3 leather armour of poison resistance
 K - a +1 cloak (worn)
 L - a +2 leather armour of positive energy (worn)
 S - a +1 leather armour of fire resistance
 U - a +0 helmet (worn)
Jewellery
 c - an uncursed ring of protection from cold
 i - a +4 ring of dexterity (right hand)
 j - an uncursed ring of flight
 s - a ring of see invisible (left hand)
 u - an uncursed ring of protection from cold
 v - an uncursed ring of wizardry
 z - a +2 ring of strength
 E - an uncursed ring of fire
 F - an uncursed ring of protection from magic
 R - an uncursed ring of stealth
Magical devices
 t - a wand of teleportation (3)
 A - a wand of lightning (5)
 P - a wand of disintegration (8)
 V - a wand of cold (12)
Scrolls
 e - 2 scrolls of identify
 f - a scroll of enchant weapon
 h - a scroll of amnesia
 l - a scroll of blinking
 r - 2 scrolls of teleportation
 B - a scroll of recharging
 J - 6 scrolls of remove curse
 X - a scroll of brand weapon
 Y - 2 scrolls of holy word
 Z - a scroll of fear
Potions
 k - 3 potions of haste
 m - 5 potions of might
 o - 7 potions of resistance
 q - 3 potions of curing
 w - 4 potions of berserk rage
 D - a potion of heal wounds
 H - a potion of ambrosia
 I - 2 potions of cancellation
 N - a potion of magic
 Q - a potion of agility
 W - 2 potions of flight
Comestibles
 n - 3 chunks of flesh
 p - 24 fruits


   Skills:
 + Level 2.2 Fighting
 + Level 15.5 Short Blades
 + Level 10.8 Bows
 + Level 1.5 Throwing
 + Level 4.0 Armour
 + Level 5.7 Dodging
 + Level 6.2 Stealth
 * Level 14.1 Spellcasting
 * Level 12.8 Conjurations
 + Level 3.9 Hexes
 * Level 11.1 Charms
 + Level 0.2 Fire Magic
 * Level 13.5 Air Magic
 + Level 4.7 Invocations
 + Level 0.2 Evocations


You had 13 spell levels left.
You knew the following spells:

 Your Spells              Type           Power        Failure   Level  Hunger
a - Shock                 Conj/Air       ####         1%          1    None
b - Dazzling Spray        Conj/Hex       ######..     1%          3    None
c - Static Discharge      Conj/Air       ######..     1%          3    None
d - Swiftness             Chrm/Air       ######..     1%          2    None
e - Magic Dart            Conj           ####         1%          1    None
f - Lightning Bolt        Conj/Air       ######....   1%          5    ###....
g - Iskenderun's Mystic   Conj           ######..     1%          4    None
h - Conjure Flame         Conj/Fire      #####...     1%          3    None
i - Iskenderun's Battles  Conj/Chrm      ######..     1%          5    ###....
r - Repel Missiles        Chrm/Air       ######       1%          2    None


Dungeon Overview and Level Annotations

Branches:
Dungeon (12/15)            Temple (0/1) D:7            Lair (8/8) D:11
  Swamp (0/4) Lair:3        Snake (0/4) Lair:3        Slime (0/6) Lair:7
    Orc (4/4) D:12            Elf (0/3) Orc:4

Altars:
Ashenzari
Dithmenos
Kikubaaqudgha
Makhleb
Okawaru
Sif Muna
Trog
Xom
Zin

Shops:
D:4 }   D:7 (   D:11 *   Orc:1 }!

Annotations:
D:5 PeterLawrence's ghost, experienced GrFi
Lair:8 emiel's ghost, powerful MiTm
Orc:4 esc's ghost, powerful DEFE


Message History

Esc's ghost launches a ball of destructive magic.
Unknown command.
Unknown command.
Unknown command.
Casting: Dazzling Spray
Confirm with . or Enter, or press ? or * to list all spells.
Aiming: Dazzling Spray
Press: ? - help, Shift-Dir - straight line, f/p - ogre mage
Aim: an ogre mage, wielding a spear and wearing a robe (heavily wounded, blind)
The spray of energy hits the ogre mage.
The ogre mage is severely wounded.
The ogre mage is dazzled.
The spray of energy hits esc's ghost.
Your battlesphere fires!
The barrage of energy hits the ogre mage.
The ogre mage is almost dead.
The ogre mage casts a spell at you. The bolt of cold hits you!
The orb of destruction hits you!
Ouch! That really hurt!
You die...

##............
##.#........... ##
#.............. ##.#
##.............. #...#
##...............
#...##.......).[......
##........#)...........
#...........[..........
##....@.).....[........
#.....§....)>..)......
#......*.§O.[)..........
.........W..............
..#.............).....(.
###...........))).((..(.
#..##.....(...........
........#"...((.......
##.........(.......


You could see an ogre mage (blind) and esc's ghost.

Vanquished Creatures
  A frost giant (IceCv)
  An orc warlord (Orc:2)
  A fire dragon (Lair:8)
  6 hydras
  2 ice dragons (Lair:8)
  A catoblepas (Lair:7)
  The ghost of Urgaas the Fighter, an experienced DrBe of Trog (Lair:1)
  5 death yaks
  An unseen horror (D:11)
  An ice statue (IceCv)
  3 lindwurms
  An orc sorcerer (Orc:2)
  2 griffons
  2 ugly things
  An oklob plant (Lair:5)
  A manticore (D:12)
  25 elephants
  5 gargoyles
  11 black mambas
  12 spiny frogs
  6 torpor snails (Lair:8)
  19 komodo dragons
  15 polar bears
  A queen bee (Lair:1)
  A troll (D:11)
  10 fire drakes
  3 two-headed ogres
  A trapdoor spider zombie (D:12)
  3 giant leeches
  A centaur simulacrum (D:12)
  A boulder beetle (Lair:5)
  2 water elementals (D:12)
  5 basilisks
  69 yaks
  5 wyverns
  A deep elf mage (D:12)
  13 blink frogs
  13 hippogriffs
  Eustachio (D:6)
  2 wargs
  A vampire mosquito (D:12)
  5 steam dragons
  3 fire elementals (Volcano)
  15 porcupines
  40 wolves
  2 hungry ghosts
  A mottled dragon (Lair:8)
  A swamp worm (Lair:3)
  2 swamp drakes (Lair:8)
  Duvessa (D:6)
  18 water moccasins
  A hell hound (Lair:5)
  2 black bears (D:8)
  3 ice beasts
  25 orc warriors
  5 centaurs
  A sky beast (D:5)
  5 wasps
  13 ogres
  A necrophage (D:9)
  3 brain worms (Lair:8)
  28 crocodiles
  9 big kobolds
  14 giant frogs
  A gnoll sergeant (D:11)
  Dowan (D:6)
  21 killer bees
  A water moccasin skeleton (D:7)
  A scorpion (D:8)
  3 wights (D:7)
  5 crimson imps
  A vampire bat (D:2)
  2 electric eels
  5 hounds
  7 hell rats (Lair:6)
  16 orc priests
  A quasit (D:7)
  6 jellies
  15 orc wizards
  A centaur skeleton (D:12)
  2 giant frog skeletons
  16 iguanas
  Natasha (D:2)
  5 sheep (Lair:7)
  15 worker ants
  A killer bee zombie (D:5)
  2 giant frog simulacra (D:12)
  3 hound zombies
  2 worker ant zombies (D:7)
  7 gnolls
  30 river rats
  12 adders
  4 shadow imps
  3 white imps (D:12)
  3 oozes (Lair:7)
  2 adder skeletons
  An adder zombie (D:9)
  22 worms
  2 giant geckos
  140 orcs
  7 ball pythons
  4 bats
  3 bat skeletons (D:2)
  3 bat zombies (D:2)
  6 goblins
  14 hobgoblins
  3 jackals (D:6)
  52 kobolds
  6 quokkas
  7 giant cockroaches
  A giant gecko skeleton (D:6)
  6 giant newts
  A jackal zombie (D:7)
  3 quokka skeletons
  7 rats
  3 fire vortices (Volcano)
  2 fungi
  A plant (Lair:8)
943 creatures vanquished.

Vanquished Creatures (others)
  A fire crab (Lair:7)
  4 polar bears (IceCv)
  An orc priest (Orc:4)
  A worker ant zombie (D:6)
  2 bats (D:1)
  A butterfly (Lair:7)
  A fire vortex (Volcano)
  109 fungi
  50 plants
170 creatures vanquished.

Grand Total: 1113 creatures vanquished

Notes
Turn   | Place    | Note
--------------------------------------------------------------
     0 | D:1      | nubinia the High Elf Air Elementalist began the quest for the Orb.
     0 | D:1      | Reached XP level 1. HP: 11/11 MP: 4/4
   458 | D:1      | Reached XP level 2. HP: 17/17 MP: 2/6
   464 | D:1      | Learned a level 2 spell: Repel Missiles
   468 | D:1      | Learned a level 2 spell: Swiftness
  1138 | D:1      | Reached skill level 4 in Air Magic
  1732 | D:2      | Reached XP level 3. HP: 21/21 MP: 5/8
  1799 | D:2      | Found an ancient bone altar of Kikubaaqudgha.
  1799 | D:2      | Noticed a vampire bat
  1800 | D:2      | Killed a vampire bat
  1801 | D:2      | Reached XP level 4. HP: 27/27 MP: 6/9
  1899 | D:2      | Noticed Natasha
  1908 | D:2      | Killed Natasha
  2636 | D:3      | Reached skill level 1 in Armour
  2636 | D:3      | Reached XP level 5. HP: 27/31 MP: 0/11
  2728 | D:3      | Learned a level 3 spell: Static Discharge
  2904 | D:3      | Found an iron altar of Okawaru.
  3102 | D:3      | Noticed a big kobold
  3148 | D:3      | Killed a big kobold
  3501 | D:3      | Noticed a big kobold
  3502 | D:3      | Reached XP level 6. HP: 36/36 MP: 10/13
  3558 | D:3      | Killed a big kobold
  3558 | D:3      | Reached skill level 5 in Air Magic
  3639 | D:3      | Noticed a big kobold
  3648 | D:3      | Killed a big kobold
  3716 | D:3      | Noticed a big kobold
  3725 | D:3      | Killed a big kobold
  3877 | D:3      | Noticed a big kobold
  3885 | D:3      | Killed a big kobold
  3885 | D:3      | Reached XP level 7. HP: 39/42 MP: 9/15
  3931 | D:3      | Noticed a big kobold
  3931 | D:3      | Noticed a big kobold
  3931 | D:3      | Noticed a big kobold
  3993 | D:3      | Killed a big kobold
  3993 | D:3      | Reached skill level 5 in Spellcasting
  3993 | D:3      | Reached skill level 6 in Air Magic
  3994 | D:3      | Killed a big kobold
  4001 | D:3      | Killed a big kobold
  4984 | D:4      | Found Ohazixtaofo's Gadget Boutique.
  5005 | D:4      | Found a deep blue altar of Sif Muna.
  5011 | D:4      | Became a worshipper of Sif Muna the Loreminder
  5101 | D:4      | Reached skill level 1 in Charms
  5105 | D:4      | Found a glowing silver altar of Zin.
  5107 | D:4      | Found a shattered altar of Ashenzari.
  5112 | D:4      | Found a bloodstained altar of Trog.
  5414 | D:4      | Learned a level 1 spell: Magic Dart
  5568 | D:4      | Reached skill level 5 in Conjurations
  5911 | D:4      | Reached XP level 8. HP: 47/47 MP: 14/17
  6120 | D:5      | Entered Level 5 of the Dungeon
  7081 | D:5      | Noticed PeterLawrence's ghost (experienced GrFi)
  7655 | D:5      | Acquired Sif Muna's first power
  7694 | D:5      | Found a burning altar of Makhleb.
  7820 | D:5      | Reached skill level 7 in Air Magic
  7990 | D:5      | Reached skill level 1 in Short Blades
  8174 | D:6      | Noticed Eustachio
  8388 | D:6      | Killed Eustachio
  8388 | D:6      | Reached skill level 1 in Fighting
  8388 | D:6      | Reached skill level 1 in Throwing
  8665 | D:6      | Noticed Duvessa
  8714 | D:6      | Noticed Dowan
  8736 | D:6      | Killed Duvessa
  8736 | D:6      | Acquired Sif Muna's second power
  8736 | D:6      | Reached XP level 9. HP: 53/53 MP: 11/20
  8738 | D:6      | Killed Dowan
  8839 | D:6      | Reached skill level 8 in Air Magic
  8955 | D:6      | Found a shimmering altar of Xom.
  9161 | D:7      | Found a staircase to the Ecumenical Temple.
  9424 | D:7      | Found Tatall's Antique Weapon Shop.
 11043 | D:8      | Reached skill level 9 in Air Magic
 11339 | D:8      | Reached skill level 1 in Bows
 11366 | D:8      | Found a shadowy altar of Dithmenos.
 11595 | D:8      | Reached skill level 5 in Charms
 11947 | D:9      | Reached XP level 10. HP: 58/58 MP: 23/23
 12009 | D:9      | Found a shattered altar of Ashenzari.
 12478 | D:9      | Reached skill level 1 in Invocations
 12580 | D:10     | Entered Level 10 of the Dungeon
 13313 | D:11     | Noticed an unseen horror
 13320 | D:11     | Killed an unseen horror
 13320 | D:11     | Acquired Sif Muna's third power
 13320 | D:11     | Reached skill level 10 in Air Magic
 14289 | D:11     | Reached skill level 5 in Bows
 14428 | D:11     | Found a staircase to the Lair.
 14685 | D:11     | Found Nothrumebb's Assorted Antiques.
 14991 | D:7      | Bought a bloodstained scimitar for 279 gold pieces
 14991 | D:7      | Identified the +7 scimitar of Viomive {freeze, rC+ Str+3 Int+5} (You bought it in a shop on level 7 of the Dungeon)
 15151 | D:11     | Noticed a brown ugly thing
 15194 | D:11     | Killed a brown ugly thing
 15465 | Lair:1   | Entered Level 1 of the Lair of Beasts
 15545 | Lair:1   | Reached XP level 11. HP: 63/63 MP: 21/25
 15643 | Lair:1   | Learned a level 3 spell: Dazzling Spray
 15649 | Lair:1   | Learned a level 5 spell: Lightning Bolt
 15654 | Lair:1   | Learned a level 4 spell: Iskenderun's Mystic Blast
 15717 | Lair:1   | Noticed Urgaas's ghost (experienced DrBe)
 16204 | Lair:1   | Reached skill level 10 in Spellcasting
 16419 | Lair:1   | Reached skill level 5 in Stealth
 17001 | Lair:1   | Reached skill level 11 in Air Magic
 17281 | Lair:1   | Learned a level 5 spell: Iskenderun's Battlesphere
 17573 | Lair:2   | Got a jewelled ring mail
 18636 | Lair:2   | Received a gift from Sif Muna
 18671 | Lair:2   | Identified Sif Muna's Reference Book on Conjuration and the Birds (Sif Muna gifted it to you on level 2 of the Lair of Beasts)
 18676 | Lair:2   | Learned a level 3 spell: Conjure Flame
 18802 | Lair:3   | Reached XP level 12. HP: 70/70 MP: 15/27
 18859 | Lair:3   | Found a dark tunnel.
 18878 | Lair:3   | Identified the +2 ring mail "Oxalo" {rCorr Str+4 Int-5} (You found it on level 2 of the Lair of Beasts)
 18891 | Volcano  | Entered a volcano
 20192 | Lair:3   | Reached skill level 10 in Conjurations
 20584 | Lair:3   | Reached skill level 1 in Hexes
 20595 | Lair:3   | Found a staircase to the Snake Pit.
 21109 | Lair:3   | Found a staircase to the Swamp.
 21431 | Lair:4   | Received a gift from Sif Muna
 21441 | Lair:4   | Identified Lehudib's Almanac of Confrontation (Sif Muna gifted it to you on level 4 of the Lair of Beasts)
 21734 | Lair:4   | Reached skill level 12 in Air Magic
 22282 | Lair:5   | Found a deep blue altar of Sif Muna.
 22360 | Lair:5   | Noticed a five-headed hydra
 22365 | Lair:5   | Killed a five-headed hydra
 22365 | Lair:5   | Reached XP level 13. HP: 74/74 MP: 19/30
 25165 | Lair:6   | Reached skill level 5 in Dodging
 25213 | Lair:6   | Received a gift from Sif Muna
 25224 | Lair:6   | Identified Sif Muna's Collected Works on Hexes (Sif Muna gifted it to you on level 6 of the Lair of Beasts)
 25502 | Lair:6   | Reached skill level 10 in Bows
 25502 | Lair:6   | Reached skill level 10 in Charms
 26536 | Lair:6   | Got a pitted short sword
 26537 | Lair:6   | Identified the +1 short sword "Munuosic" {pierce, Dex+4} (You found it on level 6 of the Lair of Beasts)
 27090 | Lair:7   | Found a staircase to the Slime Pits.
 27270 | Lair:7   | Reached skill level 13 in Spellcasting
 27378 | Lair:7   | Reached XP level 14. HP: 81/81 MP: 17/32
 28068 | Lair:8   | Entered Level 8 of the Lair of Beasts
 28068 | Lair:8   | Noticed emiel's ghost (powerful MiTm)
 28121 | Lair:7   | Reached skill level 5 in Short Blades
 28269 | Lair:8   | Found a frozen archway.
 28348 | IceCv    | Entered an ice cave
 29127 | IceCv    | Reached skill level 10 in Short Blades
 30354 | IceCv    | Noticed a frost giant
 30794 | IceCv    | Killed a frost giant
 31500 | Lair:7   | Reached skill level 14 in Short Blades
 31903 | Lair:8   | Found a runed door.
 32152 | Lair:7   | Reached skill level 15 in Short Blades
 35123 | Lair:7   | Reached XP level 15. HP: 85/85 MP: 20/33
 36197 | Lair:8   | Received a gift from Sif Muna
 36659 | Lair:1   | Killed Urgaas's ghost
 37993 | D:12     | Found a staircase to the Orcish Mines.
 38625 | Orc:1    | Entered Level 1 of the Orcish Mines
 39172 | Orc:1    | Found Fen Jott's Distillery.
 39216 | Orc:1    | Found Royzaez's Gadget Shoppe.
 41044 | Orc:4    | Entered Level 4 of the Orcish Mines
 41049 | Orc:4    | Found a staircase to the Elven Halls.
 41628 | Orc:3    | Upgraded the game from 0.17-a0-1667-g4ca74a1 to 0.17-a0-1674-g2b13139
 41759 | Orc:4    | Noticed esc's ghost (powerful DEFE)
 41869 | Orc:4    | Blown up by esc's ghost

Vault maps used:
D:1:      dpeg_arrival_short_road, lemuel_old_faithful
D:2:      kennysheep_vampire_church, uniq_natasha
D:3:      minmay_goblin_kobold_castle, okawaru_metal_pillars_3
D:4:      led_sif_pool, gammafunk_temple_overflow_forgotten, serial_shops,
          nicolae_shop_stone
D:5:      lemuel_coloured_pillars_altar, first_bread, mrwooster_statue_mirror,
          minmay_door_square, guppyfry_early_lair_pool
D:6:      xom_teletrap_fun, uniq_eustachio, uniq_duvessa
D:7:      minmay_temple_entry_statues, serial_shops,
          nicolae_shop_temple_entry_statues_fountains, grunt_ogre_cave
D:8:      grunt_dithmenos_smoke_and_mirrors
D:9:      evilmike_ruin_ashenzari
D:11:     erik_lair_dragon, serial_shops, kennysheep_mini_moat
D:12:     serial_ice, serial_ice_o, serial_ice_j, serial_ice_n, serial_ice_b,
          serial_ice_h, serial_ice_c, serial_ice_f
Lair:1:   special_room, beast_lair_carwin_10
Lair:3:   minmay_swamp_entry_worms, minmay_snake_entry_six_corridors,
          enter_volcano_2, serial_bayou_shore_b
Lair:4:   cheibrodos_lair_reptile_den
Lair:5:   lemuel_oklob_altar
Lair:6:   special_room, serial_bayou_shore_a, lemuel_fruit_tree
Lair:7:   nicolae_slime_entry_slimehenge, serial_bayou_crossing
Lair:8:   wormcave, guppyfry_lair_end_dragon,
          portal_ice_cave_entry_animals_and_master, lemuel_fruit_fields
Orc:1:    serial_shops, nicolae_shop_trees,
          nicolae_shop_temple_entry_statues_fountains,
          nicolae_orc_flooded_monolith
Orc:3:    nicolae_orc_pool_cavern
Orc:4:    st_orc_ogre_mass
IceCv:    ice_cave_caverns_03
Volcano:  volcano_aerie

Action                   |  1- 3 |  4- 6 |  7- 9 | 10-12 | 13-15 || total
-------------------------+-------+-------+-------+-------+-------++-------
Melee: Short sword       |     4 |    11 |    14 |       |       ||    29
       Dagger            |     3 |     8 |    36 |    65 |   287 ||   399
       Shortbow          |       |       |       |     1 |       ||     1
 Fire: Blowgun           |       |       |    31 |       |       ||    31
       Shortbow          |       |       |    37 |   389 |   374 ||   800
       Longbow           |       |       |       |       |    96 ||    96
 Cast: Shock             |    45 |   130 |   290 |   227 |   461 ||  1153
       Repel Missiles    |     1 |     2 |     3 |     2 |     1 ||     9
       Static Discharge  |       |       |    30 |    62 |     3 ||    95
       Swiftness         |       |       |     4 |     9 |    16 ||    29
       Dazzling Spray    |       |       |       |   100 |   494 ||   594
       Iskenderun's Batt |       |       |       |    43 |   189 ||   232
       Magic Dart        |       |       |       |    23 |     2 ||    25
       Conjure Flame     |       |       |       |     1 |     1 ||     2
       Iskenderun's Myst |       |       |       |       |    10 ||    10
       Lightning Bolt    |       |       |       |       |     8 ||     8
Invok: Channel Energy    |       |       |     2 |   105 |   216 ||   323
 Abil: Evoke Flight      |       |       |       |     1 |       ||     1
Evoke: Wand              |       |       |       |       |     4 ||     4
  Use: Potion            |     1 |       |     2 |     5 |     6 ||    14
       Scroll            |       |     3 |    14 |    18 |    13 ||    48
 Stab: Sleeping          |     4 |     3 |    10 |     4 |    19 ||    40
       Distracted        |       |       |     1 |       |     2 ||     3
       Invisible         |       |       |       |     8 |    41 ||    49
  Eat: Chunk             |     3 |     6 |    24 |    50 |   103 ||   186
       Pizza             |       |       |     1 |     1 |       ||     2
       Royal jelly       |       |       |       |     1 |       ||     1
       Fruit             |       |       |       |     3 |     1 ||     4
       Meat ration       |       |       |       |       |     1 ||     1
